 Dungeon Crawl Stone Soup version 0.30-a0-568-g124715a40b (webtiles) character file.

Game seed: 8452005048652482996

110 Shayle the Conjurer (level 4, 0/27 HPs)
             Began as a Tengu Reaver on Dec 28, 2022.
             Was an Initiate of Makhleb.
             Killed by divine providence
             ... invoked by an orc priest
              (16 damage)
             ... on level 3 of the Dungeon.
             The game lasted 00:03:15 (1196 turns).

Shayle the Conjurer (Tengu Reaver)                  Turns: 1196, Time: 00:03:16

Health: 0/27       AC:  5    Str: 13    XL:     4   Next: 91%
Magic:  8/8        EV: 11    Int: 15    God:    Makhleb [......]
Gold:   102        SH:  0    Dex: 12    Spells: 6/7 levels left

rFire   . . .      SeeInvis .    a - +0 spear
rCold   . . .      Faith    .    (no shield)
rNeg    . . .      Spirit   .    c - +0 ring mail
rPois   .          Reflect  .    (helmet restricted)
rElec   .          Harm     .    (no cloak)
rCorr   .          Rampage  .    (no gloves)
Will    .....                    (boots unavailable)
Stlth   +                        (no amulet)
HPRegen 0.24/turn                (no ring)
MPRegen 0.11/turn                (no ring)

@: no status effects
A: beak, talons 3
a: Renounce Religion


You were on level 3 of the Dungeon.
You worshipped Makhleb.
Makhleb was noncommittal.
You visited 1 branch of the dungeon, and saw 4 of its levels.

You collected 102 gold pieces.

Inventory:

Hand Weapons
 a - a +0 spear (weapon)
Armour
 b - a +0 leather armour
 c - a +0 ring mail (worn)
Jewellery
 d - a ring of protection from fire
 i - a ring of flight
Scrolls
 h - a scroll of enchant armour {unknown}
Potions
 e - a potion of curing {unknown}
 f - 2 potions of degeneration {unknown}
 g - a potion of mutation {unknown}


   Skills:
 + Level 2.9 Fighting
 - Level 3.2 Polearms
 + Level 3.2 Dodging
 + Level 2.2 Stealth
 - Level 2.0 Spellcasting
 - Level 4.0 Conjurations
 - Level 1.2 Necromancy
 + Level 1.2 Invocations


You had 6 spell levels left.
You knew the following spells:

 Your Spells              Type           Power      Damage    Failure   Level
a - Kiss of Death         Conj/Necr      36%        2d8       17%         1

Your spell library contained the following spells:

 Spells                   Type           Power      Damage    Failure   Level
 Momentum Strike          Conj/Tloc      14%        3d8       32%         2
 Hailstorm                Conj/Ice       7%         3d4       54%         3


Dungeon Overview and Level Annotations

Branches:
Dungeon (4/15)
 Temple: D:4-7

Altars:
Makhleb


Innate Abilities, Weirdness & Mutations

You have a beak for a mouth.
You have claws for feet.


Message History

You hit the giant cockroach but do no damage.
Your kick misses the giant cockroach. The giant cockroach closely misses you.
You completely miss the giant cockroach.
Your kick misses the giant cockroach. Your peck misses the giant cockroach.
You hear the slow rusting of a distant drain.
The giant cockroach bites you but does no damage.
You hit the giant cockroach.
You claw the giant cockroach, but do no damage.
The giant cockroach is heavily wounded.
The giant cockroach misses you. The giant cockroach bites you.
You hit the giant cockroach.
You kill the giant cockroach!
Makhleb accepts your kill.
You start waiting.
You hear the slow rusting of a distant drain.
An orc comes into view. It is wielding a +0 hand axe.
A bat comes into view.
The bat moves out of view.
A ball python and an orc priest come into view.
The orc priest shouts!
An orc priest comes into view. It is wielding a +0 club.
Found a pink potion.
The bat barely misses you.
Found 9 gold pieces.
The orc priest shouts!
The orc barely misses you.
A river rat comes into view.
The bat hits you but does no damage.
The orc priest mumbles some strange prayers to Beogh against you.
Beogh smites you! The orc attacks as you move away!
The orc hits you but does no damage.
The ball python hisses angrily.
The orc priest looks braver for a moment.
The bat hits you but does no damage.
Unknown command.
The bat attacks as you move away! The bat misses you.
The bat barely misses you.
The orc priest invokes the aid of Beogh against you.
Beogh smites you!
Ouch! That really hurt!
You die...

#......#.###...#### #.
#.....#.....# #.
#..>###.....# ≈≈..
##.##...........# ≈≈≈≈≈.
......#####.....#$≈≈≈≈≈.#
....(...........#.≈≈≈≈≈.#
#.....#.........#..≈≈≈..#
#.......###.....##.....#
###...#).....#.#@..#.#
#...#...##.#....bo...####.
..##...........$..........
## .......................
..#..............o....!.
.##....(...............~
...###.#.##.....Sor.~~
#.#.#######....~~ #...
....~~


You could see 2 orc priests, a river rat, an orc, a bat and a ball python.

Vanquished Creatures
  A phantom (D:3)
  A dart slug (D:2)
  An orc (D:4)
  2 endoplasms
  A giant cockroach (D:3)
  3 goblins
  5 hobgoblins
  4 jackals
  4 kobolds
  2 ball pythons
  2 bats
  A frilled lizard (D:1)
  3 rats (D:2)
30 creatures vanquished.

Notes
Turn   | Place    | Note
-------+----------+-------------------------------------------
     0 | D:1      | Shayle the Tengu Reaver began the quest for the Orb.
     0 | D:1      | Reached XP level 1. HP: 12/12 MP: 4/4
   116 | D:1      | Reached XP level 2. HP: 9/17 MP: 6/6
   244 | D:1      | Reached skill level 1 in Necromancy
   252 | D:1      | Reached skill level 1 in Stealth
   703 | D:2      | Reached XP level 3. HP: 20/22 MP: 7/7
   825 | D:2      | Found a burning altar of Makhleb.
   848 | D:2      | Became a worshipper of Makhleb the Destroyer
   961 | D:2      | You fall into a shaft and drop 2 floors!
  1021 | D:4      | Noticed a phantom
  1030 | D:3      | Killed a phantom
  1031 | D:3      | Reached skill level 1 in Invocations
  1031 | D:3      | Reached XP level 4. HP: 26/27 MP: 8/8
  1196 | D:3      | Killed from afar by an orc priest

Illustrated notes

Levels and vault maps discovered:
D:1:      minmay_arrival_jagged, layout_basic
D:2:      layout_basic, basic_altar, grunt_decor_fettered, minmay_vboxes
D:3:      layout_rooms, portal_sewer_entry_a, serial_shops,
          nicolae_lakefront_shop, chequers_serial_rivers_marsh, uniq_jessica
D:4:      minmay_bubble_buster, layout_basic, overflow_temple_1_default,
          eino_curves_03

Skill      XL: |  1  2  3 |
---------------+----------+-----
Necromancy     | 1 |  1.2
Stealth        | 1 2 |  2.2
Dodging        | 3 |  3.2
Invocations    | 1 |  1.2
Fighting       | |  2.9
Polearms       | |  3.2
Spellcasting   | |  2.0
Conjurations   | |  4.0

Action                   |  1- 3 |  4- 6 || total
-------------------------+-------+-------++-------
Melee: Spear             |    67 |    18 ||    85
       Kick              |    16 |     4 ||    20
       Peck              |    10 |     1 ||    11
       Punch             |       |     1 ||     1
 Cast: Kiss of Death     |     1 |       ||     1
Armor: Ring mail         |    30 |    14 ||    44
Dodge: Dodged            |    44 |    12 ||    56

Table legend: (Time is in decaauts)
 A = Elapsed time spent in this place.
 B = Non-inter-level travel time spent in this place.
 C = Inter-level travel time spent in this place.
 D = Time resting spent in this place.
 E = Time spent auto-exploring this place.
 F = Levels seen in this place.
 G = Mean time per level.
                   A        B        C        D        E       F      G
               +--------+--------+--------+--------+--------+-----+--------+
         Total |   1190 |   1145 |     45 |    135 |    680 |   4 |  297.5 |
       Dungeon |   1190 |   1145 |     45 |    135 |    680 |   4 |  297.5 |
               +--------+--------+--------+--------+--------+-----+--------+

Top non-repeatable levels by time:
     D:1: 629 daAuts
     D:2: 328 daAuts
     D:3: 169 daAuts
     D:4: 63 daAuts
